AoeStats
← nnvtn

Arena

510526851Analyzed
1v1 RM · 18h ago on Oct 1, 2026· 38m 32s· 2 players
Game mode
Random Map
Map size
Tiny (2 player)
Population
200
Speed
Normal
Resources
Standard
Victory
Conquest
Starting age
Dark Age
Ending age
Imperial Age
RankedLock teamsTeams togetherTeam positionsShared explorationLock speedFull tech treeHidden civsTurbo modeCheats
Victory
Defeat
🇨🇳 Turks · China
963
+18
🇹🇷 Bohemians · Türkiye
999
-18
zekzhang1995
11:44 Feudal Age
12:53 Loom
15:39 Castle Age
13:44 Double-Bit Axe
13:51 Stone Mining
13:42 Horse Collar
13:54 Horse Collar
16:41 Bow Saw
16:31 Heavy Plow
24:33 Imperial Age
23:20 Gold Mining
24:15 Padded Archer Armor
31:04 Leather Archer Armor
32:35 Gold Shaft Mining
33:41 Elite Janissary
35:39 Ring Archer Armor
35:00 Town Watch
35:52 Wheelbarrow
36:41 Artillery
38:38 Scale Barding Armor
38:33 Scale Mail Armor
nnvtn
11:45 Feudal Age
12:37 Horse Collar
13:04 Double-Bit Axe
14:41 Loom
18:33 Castle Age
19:11 Pikeman
19:52 Squires
21:56 Bow Saw
23:42 Scale Mail Armor
23:35 Arson
30:21 Wheelbarrow
29:31 Town Watch
29:50 Heavy Plow
35:59 Redemption
36:39 Forging
36:34 Scale Barding Armor
37:56 Husbandry
38:34 Iron Casting
Connection lost

Rejoining the realm…

Still unreachable

The connection could not be restored.

Session expired

The server has moved on; the page needs a fresh start.